 Dungeon Crawl Stone Soup version 0.30-a0-250-g41c1d76940 (webtiles) character file.

Game seed: 13310425696694755297

172 ytrimaz the Twirler (level 5, 0/60 HPs)
             Began as a Djinni Gladiator on Oct 12, 2022.
             Killed by divine providence
             ... invoked by an orc priest
              (14 damage)
             ... on level 3 of the Dungeon.
             The game lasted 00:02:43 (2212 turns).

ytrimaz the Twirler (Djinni Gladiator)              Turns: 2212, Time: 00:02:44

Health: 0/60       AC: 22    Str: 19    XL:     5   Next: 82%
Gold:   163        EV:  2    Int: 11    God:
                   SH:  0    Dex: 15

rFire   x . .      SeeInvis .    a - +0 quarterstaff
rCold   + . .      Faith    .    (shield currently unavailable)
rNeg    . . .      Spirit   .    (body armour currently unavailable)
rPois   ∞          Reflect  .    (helmet currently unavailable)
rElec   .          Harm     .    (cloak currently unavailable)
rCorr   .          Rampage  .    (gloves currently unavailable)
Will    .....      NoTele   +    (boots unavailable)
Stlth   +.........               (no amulet)
HPRegen 0.30/turn                o - +6 ring of strength
MPRegen 0.00/turn                j - ring of ice

@: tree-form (expiring)
A: stationary, stasis, torment immunity, boosted hp, sickness immunity, (fire
resistance 2), (cold vulnerability 1), float, innate caster, HP casting, extra
vitality 1
a: no special abilities


You were on level 3 of the Dungeon.
You were a tree.
You visited 1 branch of the dungeon, and saw 3 of its levels.

You collected 163 gold pieces.


Innate Abilities, Weirdness & Mutations

You are a tree.
Your roots penetrate the ground, keeping you stationary.
You cannot be teleported.
You are immune to unholy pain and torment.
Your maximum health is greatly increased.
Your equipment is partially melded.
You are immune to sickness and miasma.
You are immune to poison.
((Your flesh is very heat resistant. (rF++)))
((You are vulnerable to cold. (rC-)))
You float through the air rather than walking.
You learn spells naturally, not from books.
Your magical power is your life essence.
You have superior vitality. (+4 MHP)


   Skills:
 + Level 3.4 Fighting
 * Level 4.8 Staves
 - Level 1.5 Throwing
 - Level 3.2 Dodging


You had one spell level left.
You knew the following spells:

 Your Spells              Type           Power      Damage    Failure   Level
a - Slow                  Hex            0%         N/A       34%         1
b - Call Imp              Summ           0%         N/A       47%         2
Your spell library was empty.

Inventory:

Hand Weapons
 a - a +0 quarterstaff (weapon)
Missiles
 d - 3 throwing nets (quivered)
 e - a javelin
Armour
 b - a +0 leather armour (melded)
 c - a +1 helmet (melded)
Jewellery
 g - a ring of willpower
   (You found it on level 1 of the Dungeon)
 j - a ring of ice (right branch)
   (You found it on level 1 of the Dungeon)
 o - a +6 ring of strength (left branch)
   (You found it on level 3 of the Dungeon)
Scrolls
 f - a scroll of enchant weapon
 i - a scroll of butterflies
 k - a scroll of acquirement {unknown}
Potions
 h - a potion of cancellation {unknown}
 l - a potion of curing {unknown}
 m - 2 potions of lignification

Dungeon Overview and Level Annotations

Branches:
Dungeon (3/15) Zot: 15767

Altars:
The Shining One

#.# ####........#
.........#### #
#.........# #.
#.........# # #..
#.........# # #...
########'## # #.... #.#
####
#.....########.#######...
#.....'o♣................
#.....#########.######.##
#.... #.# ###..## ####
#.# #.....# #.# #.#.#.#
######'###...#.#
#...........#...
#.........>.....
#..........##...


You could see an orc priest.


Message History

Unknown command.
There is an escape hatch in the ceiling here.
There is an escape hatch in the ceiling here.
You see here a hobgoblin corpse.
Key pressed, stopping explore.
Key pressed, stopping explore.
You reach down and open the door. 2 orcs, 2 orc priests and an orc wizard come into view.
The orc priest shouts!
The orc shouts!
The orc priest shouts!
There are monsters nearby!
There are monsters nearby!
You closely miss the orc priest.
The orc wizard gestures wildly while chanting.
The orc wizard flickers and vanishes!
Deactivating autopickup; reactivate with Ctrl-A.
The orc priest invokes the aid of Beogh against you.
Beogh smites you! 😮 HP[-14]
You take 14 damage, and now have 26/40 hp.
MASSIVE DAMAGE!! (PAUSE) It was a potion of attraction.
You feel attractive to monsters.
It was a potion of lignification.
You turn into a tree.
Your +1 helmet melds into your body.
Your +0 leather armour melds into your body.
Your roots penetrate the ground.
The orc hits you but does no damage. 😮 HP[+14]
You now have 60 max hp (+20).
You regained 14 hp, and now have 40/60 hp.
You hit the orc. The orc hits you but does no damage.
Unknown command.
You hit the orc.
You kill the orc!
The orc priest is attracted toward you. 😮 HP[+1]
You hit the orc but do no damage. The orc hits you but does no damage.
Unknown command.
You closely miss the orc. The orc barely misses you.
You hit the orc.
The orc hits you but does no damage. 😮 HP[+1]
You sock the orc!
You kill the orc!
You hit the orc priest but do no damage.
The orc priest hits you but does no damage.
The orc priest looks braver for a moment.
You barely miss the orc priest.
The orc priest invokes the aid of Beogh against you.
Beogh smites you! 😮 HP[-8]
You take 8 damage, and now have 34/60 hp.
You completely miss the orc priest.
The orc priest begins to cast a cantrip, but forgets the words!
You thump the orc priest!
The orc priest casts a cantrip, but nothing happens.
The orc priest mumbles some strange prayers to Beogh against you.
Beogh smites you!
* * * LOW HITPOINT WARNING * * *
You sock the orc priest!
You kill the orc priest! 😨 HP[-14]
You take 14 damage, and now have 20/60 hp.
MASSIVE DAMAGE!! (PAUSE) Unknown command.
You cannot move.
You closely miss something. Something hits you but does no damage.
You completely miss something. Something hits you but does no damage.
The orc priest looks braver for a moment.
You closely miss something.
You hear some strange, mumbled words.
A puff of flame appears from out of thin air!
The puff of flame hits you but does no damage.
You closely miss something.
The orc priest begins to cast a cantrip, but forgets the words!
Something hits you but does no damage. 😨 HP[+1]
You hit something. Something hits you but does no damage.
You hit something but do no damage. Something hits you but does no damage.
The orc priest casts a cantrip, but nothing happens.
You feel less attractive to monsters.
You sock something!
Reactivating autopickup.
You feel a bit more experienced.
The orc priest calls down the wrath of Beogh upon you.
Beogh smites you!
* * * LOW HITPOINT WARNING * * *
😱 HP[-8]
You take 8 damage, and now have 13/60 hp.
You swing at nothing.
You barely miss the orc priest.
The orc priest hits you but does no damage.
You closely miss the orc priest.
The orc priest hits you but does no damage. x2 😱 HP[+1]
You hit the orc priest.
The orc priest hits you but does no damage.
You closely miss the orc priest.
Your transformation is almost over.
The orc priest calls down the wrath of Beogh upon you.
Beogh smites you!
You die...

Skill      XL: |  1  2  3  4 |
---------------+-------------+-----
Staves         | 3 4 |  4.8
Fighting       | 3 |  3.4
Throwing       | |  1.5
Dodging        | |  3.2

Action                   |  1- 3 |  4- 6 || total
-------------------------+-------+-------++-------
Melee: Quarterstaff      |    85 |   113 ||   198
  Use: Scroll            |     6 |     3 ||     9
       Potion            |       |     2 ||     2
 Stab: Sleeping          |       |     1 ||     1
Armor: Leather armour    |    36 |    35 ||    71
       Skin              |       |    15 ||    15
Dodge: Dodged            |    53 |    69 ||   122

Levels and vault maps discovered:
D:1:      roderic_crop_circles_arrival_small, layout_rooms,
          hellmonk_ecumenical_altar_lost_god
D:2:      layout_basic, dreamdust_wishing_well
D:3:      layout_basic, tso_altar, guppyfry_early_orc_mine

Notes
Turn   | Place    | Note
-------+----------+-------------------------------------------
     0 | D:1      | ytrimaz the Djinni Gladiator began the quest for the Orb.
     0 | D:1      | Reached XP level 1. HP: 18/18 MP: 0/0
     0 | D:1      | magus.rc [v1.9.6]
    71 | D:1      | Reached skill level 3 in Staves
    71 | D:1      | Reached XP level 2. HP: 19/23 MP: 0/0
   216 | D:1      | You are sucked into a shaft and drop 1 floor!
   310 | D:1      | Reached XP level 3. HP: 29/29 MP: 0/0
   310 | D:1      | Learned a level 1 spell: Slow
   311 | D:1      | Found a faded altar of an unknown god.
   670 | D:2      | HP: 5/29 [worm (6)]
   853 | D:2      | Reached XP level 4. HP: 34/34 MP: 0/0
  1330 | D:3      | Reached skill level 4 in Staves
  1527 | D:3      | Found a glowing golden altar of the Shining One.
  1584 | D:3      | Reached skill level 3 in Fighting
  1849 | D:3      | Reached XP level 5. HP: 34/40 MP: 0/0
  1849 | D:3      | Learned a level 2 spell: Call Imp
  2207 | D:3      | HP: 13/60 [orc priest/divine providence (9)]
  2212 | D:3      | Killed from afar by an orc priest

Vanquished Creatures
  An orc priest (D:3)
  An orc wizard (D:3)
  4 adders
  A worm (D:2)
  A dart slug (D:1)
  5 orcs (D:3)
  9 ball pythons
  6 endoplasms
  3 giant cockroaches
  8 goblins
  6 hobgoblins
  2 jackals (D:3)
  6 quokkas
  2 bats (D:2)
  6 frilled lizards
  2 kobolds
  5 rats
68 creatures vanquished.

Vanquished Creatures (others)
  A plant (D:1)
1 creature vanquished.

Grand Total: 69 creatures vanquished

Table legend:
 A = Non-vault XP
 B = Vault XP
 C = Vault XP percentage of total XP
 D = Non-vault monster count
 E = Vault monster count
 F = Vault count percentage of total count
                 A         B        C        D         E       F
            +---------+---------+-------+---------+---------+-------
      Total |     230 |      16 |   6.5 |      61 |       7 |  10.3
            +---------+---------+-------+---------+---------+-------
        D:1 |      44 |       0 |   0.0 |      26 |       0 |   0.0
        D:2 |      39 |       0 |   0.0 |      15 |       0 |   0.0
        D:3 |     147 |      16 |   9.8 |      20 |       7 |  25.9
            +---------+---------+-------+---------+---------+-------

Illustrated notes

Table legend:
 A = Kills in this place as a percentage of kills in entire the game.
 B = Kills by you in this place as a percentage of kills by you in the entire game.
 C = Kills by friends in this place as a percentage of kills by friends in the entire game.
 D = Other kills in this place as a percentage of other kills in the entire game.
 E = Experience gained in this place as a percentage of experience gained in the entire game.
 F = Experience gained in this place divided by the number of levels of this place that you have seen.
                   A       B       C       D       E      F
               +-------+-------+-------+-------+-------+----------------------
         Total | 100.0 | 100.0 |   N/A |   N/A | 100.0 |  82.0
       Dungeon | 100.0 | 100.0 |   N/A |   N/A | 100.0 |  82.0
               +-------+-------+-------+-------+-------+----------------------

Table legend: (Time is in decaauts)
 A = Elapsed time spent in this place.
 B = Non-inter-level travel time spent in this place.
 C = Inter-level travel time spent in this place.
 D = Time resting spent in this place.
 E = Time spent auto-exploring this place.
 F = Levels seen in this place.
 G = Mean time per level.
                   A        B        C        D        E       F      G
               +--------+--------+--------+--------+--------+-----+--------+
         Total |   2231 |   2186 |     45 |      0 |   1682 |   3 |  743.7 |
       Dungeon |   2231 |   2186 |     45 |      0 |   1682 |   3 |  743.7 |
               +--------+--------+--------+--------+--------+-----+--------+

Top non-repeatable levels by time:
     D:3: 902 daAuts
     D:2: 722 daAuts
     D:1: 605 daAuts
